 Dungeon Crawl Stone Soup version 0.30-a0-187-gd9c2deaf24 (webtiles) character file.

Game seed: 7737238905018540455

28490 LnG the Covert (level 13, -10/83 HPs)
             Began as a Kobold Summoner on Oct 3, 2022.
             Was an Elder of Dithmenos.
             Killed from afar by a fire dragon (61 damage)
             ... with a blast of flame
             ... on level 14 of the Dungeon.
             The game lasted 00:53:48 (17860 turns).

LnG the Covert (Kobold Summoner)                   Turns: 17860, Time: 00:53:50

Health: -10/83     AC: 13    Str:  5    XL:     13   Next: 73%
Magic:  19/26      EV: 21    Int: 20    God:    Dithmenos [****..]
Gold:   570        SH:  0    Dex: 19    Spells: 18/31 levels left

rFire   . . .      SeeInvis +    h - +5 short sword (drain)
rCold   . . .      Faith    .    (no shield)
rNeg    . . .      Spirit   .    R - +1 robe {Archmagi}
rPois   .          Reflect  .    M - +1 helmet
rElec   .          Harm     .    (no cloak)
rCorr   .          Rampage  .    E - +1 pair of gloves
Will    .....      Archmagi +    (no boots) Stlth *+++++++++
                                 D - amulet of magic regeneration
HPRegen 0.33/turn                m - +4 ring of protection
MPRegen 0.60/turn                J - ring of see invisible

@: wreathed by umbra
A: small, no large weapons, nightstalker 3, iridescent scales 1, agile 1
a: Renounce Religion, Shadow Step


You were on level 14 of the Dungeon.
You worshipped Dithmenos.
Dithmenos was greatly pleased with you.
You visited 2 branches of the dungeon, and saw 15 of its levels.

You collected 1188 gold pieces.
You spent 618 gold pieces at shops.

Inventory:

Hand Weapons
 h - a +5 short sword of draining (weapon)
Missiles
 c - 6 throwing nets
Armour
 j - a +2 pair of gloves of infusion
 E - a +1 pair of gloves (worn)
 M - a +1 helmet (worn)
 R - a +1 robe of the Archmagi (worn)
Jewellery
 l - an amulet of faith
 m - a +4 ring of protection (left hand)
 r - a +4 ring of evasion
 t - a ring of wizardry
 v - a ring of poison resistance
 z - a ring of fire
 B - a ring of magical power
 D - an amulet of magic regeneration (around neck)
 H - an amulet of reflection
 J - a ring of see invisible (right hand)
 N - a ring of resist corrosion
 P - a +4 ring of evasion
Wands
 d - a wand of iceblast (20)
 x - a wand of flame (64)
 y - a wand of charming (20)
Scrolls
 f - a scroll of amnesia
 k - 6 scrolls of teleportation
 o - 2 scrolls of blinking
 p - 2 scrolls of poison
 q - 3 scrolls of butterflies
 u - a scroll of brand weapon
 I - 2 scrolls of vulnerability
 K - a scroll of magic mapping {unknown}
 O - 2 scrolls of immolation
 Q - a scroll of fear
Potions
 a - a potion of brilliance
 b - 2 potions of magic
 e - a potion of lignification
 g - 5 potions of mutation
 i - a potion of haste {unknown}
 s - 5 potions of curing
 w - a potion of degeneration {unknown}
 A - 2 potions of berserk rage
 C - a potion of might {unknown}
 F - a potion of invisibility
 G - 2 potions of cancellation {unknown}
 L - 2 potions of flight {unknown}


   Skills:
 * Level 10.7 Fighting
 + Level 11.1 Short Blades
 + Level 10.0 Dodging
 + Level 14.7 Stealth
 + Level 9.5 Spellcasting
 + Level 1.2 Hexes
 + Level 9.5 Summonings
 + Level 2.9 Air Magic
 + Level 0.4 Evocations


You had 18 spell levels left.
You knew the following spells:

 Your Spells              Type           Power      Damage    Failure   Level
a - Summon Small Mammal   Summ           100%       N/A       1%          1
b - Call Imp              Summ           64%        N/A       1%          2
c - Call Canine Familiar  Summ           64%        N/A       1%          3
d - Summon Guardian Gole  Hex/Summ       46%        N/A       2%          3
e - Summon Lightning Spi  Summ/Air       51%        N/A       5%          4

Your spell library contained the following spells:

 Spells                   Type           Power      Damage    Failure   Level
 Static Discharge         Conj/Air       46%        2-4/arc   6%          2
 Apportation              Tloc           28%        N/A       8%          1
 Magic Dart               Conj           56%        1d5       8%          1
 Necrotise                Necr           56%        1d6       8%          1
 Searing Ray              Conj           28%        2d5       11%         2
 Vhi's Electric Charge    Tloc/Air       46%        N/A       12%         3
 Kindle Blastsparks       Fire/Tloc/Air  40%        2d13      14%         3
 Mephitic Cloud           Conj/Pois/Air  20%        N/A       14%         3
 Ignite Poison            Fire/Tmut/Pois 14%        N/A       22%         3
 Fulminant Prism          Conj/Hex       9%         3d7       50%         4
 Animate Dead             Necr           14%        N/A       58%         4
 Petrify                  Tmut/Erth      14%        N/A       58%         4
 Arcjolt                  Conj/Air       11%        1d21      73%         5
 Lightning Bolt           Conj/Air       11%        1d24      73%         5
 Freezing Cloud           Conj/Ice/Air   10%        6-21      80%         5
 Metabolic Englaciation   Hex/Ice        9%         N/A       83%         5
 Statue Form              Tmut/Erth      9%         N/A       100%        6
 Haunt                    Necr/Summ      21%        N/A       100%        7
 Infestation              Necr           7%         N/A       100%        8
 Maxwell's Capacitive Co  Air            15%        ∞         100%        8


Dungeon Overview and Level Annotations

Branches:
Dungeon (14/15)            Temple (1/1) D:4            Lair (0/5) D:9
    Orc (0/2) D:9
 Vaults: D:13-14

Altars:
Ashenzari
Cheibriados
Dithmenos
Elyvilon
Fedhas
Gozag
Hepliaklqana
Kikubaaqudgha
Makhleb
Nemelex Xobeh
Okawaru
Qazlal
Ru
Sif Muna
Trog
Uskayaw
Vehumet
Wu Jian
Xom
Yredelemnul
Zin
The Shining One

Shops:
D:3 *   D:6 *   D:11 ?   D:13 [

Annotations:
D:12 3 runed translucent doors, Juskeos's ghost, journeyman TrBe


Innate Abilities, Weirdness & Mutations

You are small and have problems with some larger weapons.
You are completely attuned to the shadows.
You are partially covered in iridescent scales. (AC +2)
You are agile. (Dex +4, Str/Int -1)


Message History

You kill the spriggan!
Dithmenos accepts your kill.
The spriggan's shape twists and changes as it dies.
Your Hexes skill increases to level 1!
You see here a shapeshifter corpse.
Casting: Call Canine Familiar (safe; 1% risk of failure)
Confirm with . or Enter, or press ? or * to list all spells.
You feel a surge of power! The fire dragon breathes flames at you.
The blast of flame hits you!!
The fire dragon attacks as you move away!
The fire dragon completely misses you.
The fire dragon claws you but does no damage.
The fire dragon completely misses you. Something bites your warg!!
Something claws your warg. Something tramples your warg!
Your warg stumbles backwards!
Your warg dies!
Your warg's corpse disappears in a puff of smoke!
The fire dragon attacks as you move away!
The fire dragon closely misses you. x2
The fire dragon tramples you but does no damage.
Casting: Call Canine Familiar (safe; 1% risk of failure)
Confirm with . or Enter, or press ? or * to list all spells.
You feel a surge of power! The fire dragon closely misses you.
The fire dragon completely misses you.
The fire dragon tramples you but does no damage.
Casting: Call Canine Familiar (safe; 1% risk of failure)
Confirm with . or Enter, or press ? or * to list all spells.
You feel a surge of power!
Your warg disappears in a puff of smoke!
The fire dragon misses you. The fire dragon completely misses you.
The fire dragon closely misses you.
Casting: Call Canine Familiar (safe; 1% risk of failure)
Confirm with . or Enter, or press ? or * to list all spells.
You feel a surge of power!
A beastly little devil appears in a puff of frigid air.
The fire dragon breathes flames at you. The blast of flame hits you!!!
Ouch! That really hurt!
You die...

##...###.## .....>##..
#...h##.#
#...5##.###...
#....@D.......
#.#####...##.####
####.#...D..........
###....#..#######.####
......#. #.§8§#
######....# #.##.#
#.........# #....#
#.###.....# #..#.# #.#
#.....##########..#.#


You could see a fire dragon (catching breath, ally target), a friendly warg
(summoned) and a friendly white imp (summoned).

Vanquished Creatures
  Josephine (D:11)
  2 catoblepae
  3 two-headed ogres
  2 centaur warriors (D:13)
  Amaemon (D:10)
  Lodul (D:11)
  2 skeletal warriors (D:13)
  An ugly thing (D:13)
  A deep elf pyromancer (D:14)
  5 manticores
  10 slime creatures
  3 cyclopes
  Joseph (D:10)
  Maurice (D:8)
  An orange demon (D:10)
  2 gargoyles
  3 unseen horrors
  A kobold demonologist (D:12)
  A tengu conjurer (D:12)
  2 komodo dragons
  3 trolls
  3 wraiths
  A wyvern (D:9)
  A spriggan (shapeshifter) (D:14)
  A shadow (D:11)
  A vampire (D:10)
  3 yaks (D:10)
  A basilisk (D:13)
  2 steam dragons
  5 vampire mosquitoes
  2 acid dragons
  A water moccasin (D:7)
  8 orc warriors
  6 ogres
  A lemure (D:8)
  10 centaurs
  4 bullfrogs
  3 scorpions
  A necrophage (D:5)
  2 gnoll sergeants
  2 wights (D:8)
  3 killer bees (D:9)
  A howler monkey (D:12)
  10 orc priests
  3 jellies (D:6)
  4 hounds
  Terence (D:2)
  3 iguanas
  Natasha (twice) (D:2)
  6 orc wizards
  Robin (D:3)
  9 gnolls
  5 adders
  A white imp (D:5)
  2 worms (D:5)
  A dart slug (D:3)
  40 orcs
  6 ball pythons
  A bat (D:1)
  An endoplasm (D:1)
  3 giant cockroaches
  3 hobgoblins
  3 quokkas
  3 frilled lizards
  8 goblins
  9 kobolds
  6 rats
240 creatures vanquished.

Vanquished Creatures (collateral kills)
  A boulder beetle (D:12)
  2 skeletal warriors (D:13)
  A cyclops (D:12)
  A kobold demonologist (D:12)
  A komodo dragon (D:9)
  A tengu conjurer (D:12)
  6 slime creatures
  A wraith (D:11)
  3 ogres (D:11)
  A kobold brigand (D:12)
  A scorpion (D:4)
  A wight (D:8)
  3 killer bees (D:9)
  2 howler monkeys (D:12)
  A gnoll bouda (D:4)
  Natasha (D:2)
  6 gnolls
  7 orcs
  5 goblins (D:3)
  A hobgoblin (D:3)
  2 kobolds (D:12)
  A rat (D:1)
49 creatures vanquished.

Vanquished Creatures (others)
  Pikel (D:8)
  An ogre (D:11)
  A lemure (D:8)
  5 killer bees (D:9)
  9 plants (D:9)
17 creatures vanquished.

Grand Total: 306 creatures vanquished

Notes
Turn   | Place    | Note
-------+----------+-------------------------------------------
     0 | D:1      | LnG the Kobold Summoner began the quest for the Orb.
     0 | D:1      | Reached XP level 1. HP: 10/10 MP: 3/3
   257 | D:1      | Reached XP level 2. HP: 15/15 MP: 5/5
   260 | D:1      | Learned a level 2 spell: Call Imp
   511 | D:1      | Found a faded altar of an unknown god.
  1352 | D:2      | Reached skill level 1 in Short Blades
  1487 | D:2      | Reached XP level 3. HP: 20/20 MP: 6/6
  1491 | D:2      | Learned a level 3 spell: Call Canine Familiar
  1607 | D:2      | Noticed Natasha
  1616 | D:2      | Killed Natasha
  1617 | D:2      | Reached skill level 1 in Fighting
  1617 | D:2      | Reached skill level 3 in Stealth
  1617 | D:2      | Reached XP level 4. HP: 15/25 MP: 3/7
  1761 | D:2      | Noticed Natasha
  1767 | D:2      | Killed Natasha
  1900 | D:2      | Noticed Terence
  1913 | D:2      | Killed Terence
  1914 | D:2      | Reached XP level 5. HP: 17/29 MP: 2/8
  2371 | D:2      | Noticed Natasha
  2385 | D:2      | Killed Natasha
  2386 | D:2      | Reached skill level 4 in Stealth
  2674 | D:3      | Noticed Robin
  2973 | D:3      | Killed Robin
  3218 | D:3      | Reached XP level 6. HP: 35/35 MP: 10/10
  3320 | D:3      | Found Weeqong's Assorted Antiques.
  3325 | D:3      | Bought a scroll labelled CARU NA QEERILUETY for 22 gold
                  | pieces
  3325 | D:3      | Bought a scroll labelled JOODGHA NUACAKH for 22 gold pieces
  4112 | D:4      | Reached skill level 5 in Stealth
  4112 | D:4      | Reached XP level 7. HP: 36/40 MP: 11/11
  4224 | D:4      | Found a staircase to the Ecumenical Temple.
  4280 | Temple   | Entered the Ecumenical Temple
  4665 | Temple   | Became a worshipper of Dithmenos the Shadowed
  4816 | D:4      | Reached skill level 5 in Summonings
  4983 | D:4      | Gained mutation: You are partially covered in iridescent
                  | scales. (AC +2) [potion of mutation]
  4983 | D:4      | Gained mutation: You are agile. (Dex +4, Str/Int -1)
                  | [potion of mutation]
  5245 | D:5      | Entered Level 5 of the Dungeon
  5319 | D:5      | You fall into a shaft and drop 2 floors!
  5493 | D:7      | Identified the +5 war axe "Lyhime" {antimagic, rN++}
  5552 | D:6      | Found Wanoal's Hallowed Reliquary.
  5553 | D:6      | Noticed an angel
  5556 | D:6      | Bought a potion of curing for 42 gold pieces
  5684 | D:6      | Noticed a steam dragon
  5688 | D:6      | Killed a steam dragon
  5689 | D:6      | Reached skill level 5 in Short Blades
  5689 | D:6      | Reached XP level 8. HP: 48/48 MP: 13/13
  5703 | D:6      | Learned a level 3 spell: Summon Guardian Golem
  5822 | D:6      | Reached skill level 6 in Stealth
  5828 | D:6      | Found a white marble altar of Elyvilon.
  6166 | D:5      | Identified the +8 sling of the Last Friars {freeze, Dex+2}
  6843 | D:6      | Reached skill level 7 in Stealth
  6853 | D:6      | Reached * piety under Dithmenos
  6863 | D:6      | Reached XP level 9. HP: 52/52 MP: 15/15
  6868 | D:6      | Learned a level 4 spell: Summon Lightning Spire
  7235 | D:7      | Noticed a two-headed ogre
  7445 | D:7      | Reached skill level 8 in Stealth
  7722 | D:7      | Reached skill level 5 in Fighting
  8187 | D:8      | Reached skill level 5 in Spellcasting
  8293 | D:8      | Reached skill level 5 in Dodging
  8324 | D:8      | Found a blossoming altar of Fedhas.
  8431 | D:8      | Noticed Maurice
  8440 | D:8      | Killed Maurice
  8550 | D:8      | Noticed Pikel
  8841 | D:9      | Noticed a two-headed ogre
  8936 | D:8      | Killed Pikel
  8937 | D:8      | Reached XP level 10. HP: 51/60 MP: 9/18
  9266 | D:9      | Reached skill level 9 in Stealth
  9394 | D:9      | Killed a two-headed ogre
  9408 | D:9      | Noticed a komodo dragon
  9413 | D:9      | Killed a komodo dragon
  9491 | D:9      | Found a staircase to the Lair.
  9551 | D:9      | Reached skill level 10 in Stealth
  9565 | D:8      | Reached ** piety under Dithmenos
 10593 | D:9      | Found a staircase to the Orcish Mines.
 10800 | D:10     | Entered Level 10 of the Dungeon
 11020 | D:10     | Noticed Joseph
 11023 | D:10     | Killed Joseph
 11024 | D:10     | Reached XP level 11. HP: 67/67 MP: 21/21
 11030 | D:10     | Reached skill level 1 in Air Magic
 11212 | D:10     | Noticed a manticore
 11216 | D:10     | Killed a manticore
 11217 | D:10     | Reached skill level 11 in Stealth
 11289 | D:10     | Noticed Amaemon
 11296 | D:10     | Killed Amaemon
 11961 | D:11     | Noticed a two-headed ogre
 11965 | D:11     | Killed a two-headed ogre
 11966 | D:11     | Reached skill level 12 in Stealth
 12005 | D:11     | Noticed Josephine
 12190 | D:11     | Killed Josephine
 12204 | D:11     | HP: 1/68 [something (7)]
 12516 | D:11     | Noticed a catoblepas
 12520 | D:11     | Killed a catoblepas
 12538 | D:11     | Noticed a manticore
 12542 | D:11     | Killed a manticore
 12543 | D:11     | Reached skill level 13 in Stealth
 12560 | D:11     | Noticed Lodul
 12610 | D:11     | Reached skill level 10 in Short Blades
 12626 | D:11     | Reached XP level 12. HP: 75/75 MP: 22/22
 13007 | D:11     | Found Eplaufo's Magic Scroll Emporium.
 13014 | D:11     | Bought a scroll of enchant weapon for 90 gold pieces
 13014 | D:11     | Bought a scroll of identify for 24 gold pieces
 13014 | D:11     | Bought a scroll of immolation for 48 gold pieces
 13014 | D:11     | Bought a scroll of blinking for 90 gold pieces
 13014 | D:11     | Bought a scroll of vulnerability for 48 gold pieces
 13109 | D:11     | Killed Lodul
 13136 | D:11     | Reached *** piety under Dithmenos
 13310 | D:11     | Noticed a two-headed ogre
 13314 | D:11     | Killed a two-headed ogre
 13587 | D:12     | Noticed a boulder beetle
 13973 | D:12     | Reached skill level 14 in Stealth
 14090 | D:12     | Noticed a boulder beetle
 14119 | D:12     | Killed a boulder beetle
 14729 | D:11     | Reached XP level 13. HP: 44/81 MP: 25/25
 14948 | D:12     | Found a runed translucent gate.
 14948 | D:12     | Found a runed translucent gate.
 14948 | D:12     | Found a runed translucent gate.
 15016 | D:12     | Noticed an ogre mage
 15122 | D:12     | Noticed Juskeos's ghost (journeyman TrBe)
 15260 | D:13     | HP: 4/82 [gargoyle/+0 mace (19)]
 15268 | D:13     | Reached **** piety under Dithmenos
 15568 | D:13     | Noticed a centaur warrior
 15586 | D:13     | Killed a centaur warrior
 15587 | D:13     | Reached skill level 10 in Fighting
 15617 | D:13     | Found Ciunn's Antique Armour Emporium.
 15628 | D:13     | Bought a pair of glowing gloves for 232 gold pieces
 15691 | D:13     | Noticed a centaur warrior
 15694 | D:13     | Killed a centaur warrior
 16695 | D:13     | Reached skill level 10 in Dodging
 17632 | D:14     | Noticed a catoblepas
 17734 | D:14     | Killed a catoblepas
 17777 | D:14     | Found an opulent altar of Gozag.
 17851 | D:14     | Noticed a fire dragon
 17853 | D:14     | Reached skill level 1 in Hexes
 17860 | D:14     | Killed from afar by a fire dragon

Illustrated notes

Levels and vault maps discovered:
D:1:      psy_arrival_radial02, layout_basic, shapermc_ecumenical_altar_venn
D:2:      layout_basic, uniq_terence, uniq_natasha
D:3:      layout_basic, serial_shops, nicolae_shop_waterfront, corner_web_ring,
          chequers_serial_rivers_micro_e, uniq_robin
D:4:      layout_basic, temple_hall, minivault_24,
          minmay_fractal_squares_diagonal_5
D:5:      layout_rooms, sigmund_army
D:6:      layout_layer_cave, elyvilon_altar_1, grunt_ministairs_12,
          chequers_avenue, nicolae_good_shop
D:7:      layout_cave_pools
D:8:      layout_basic, fedhas_bush_and_centaur_altar, uniq_pikel, uniq_maurice
D:9:      layout_irregular_city, david_lair_shrubbed, david_orc_5,
          lemuel_flamethrower_hall
D:10:     layout_stronghold, minmay_misc_feat_plants, uniq_joseph, uniq_amaemon
D:11:     nzn_motion_control, layout_basic, serial_shops, shop, uniq_josephine,
          uniq_lodul
D:12:     layout_big_octagon, gammafunk_ghost_split
D:13:     layout_stronghold, serial_shops, shop
D:14:     layout_basic, david_vaults_4, grunt_gozag_breadcrumbs,
          nicolae_specific_store
Temple:   mainiacjoe_temple_cubbyholes

Skill      XL: |  1  2  3  4  5  6  7  8  9 10 11 12 13 |
---------------+----------------------------------------+-----
Short Blades   | 1 2 3 5 6 8 9 10 11 | 11.1
Fighting       | 1 2 3 4 6 7 8 9 10 | 10.7
Stealth        | 3 4 5 7 8 10 13 14 | 14.7
Dodging        | 3 4 5 6 7 9 10 | 10.0
Spellcasting   | 3 4 5 6 7 8 9 |  9.5
Summonings     | 5 6 7 8 9 |  9.5
Air Magic      | 1 2 |  2.9
Hexes          | 1 |  1.2
Evocations     | |  0.4

Action                   |  1- 3 |  4- 6 |  7- 9 | 10-12 | 13-15 || total
-------------------------+-------+-------+-------+-------+-------++-------
Melee: Short sword       |    51 |   103 |   231 |   461 |   189 ||  1035
       Unarmed           |     8 |       |       |       |       ||     8
       Punch             |       |     3 |     5 |     7 |     6 ||    21
 Cast: Summon Small Mamm |     4 |       |     3 |     6 |       ||    13
       Call Canine Famil |     1 |    13 |    10 |    29 |    16 ||    69
       Call Imp          |       |     6 |     6 |    12 |     4 ||    28
       Summon Guardian G |       |       |     3 |       |     4 ||     7
       Summon Lightning  |       |       |       |    19 |    10 ||    29
Evoke: Wand              |       |       |       |     2 |       ||     2
  Use: Scroll            |     2 |       |     7 |    13 |     1 ||    23
       Potion            |       |     1 |     1 |     3 |     1 ||     6
 Stab: Sleeping          |     8 |    13 |    20 |    30 |    11 ||    82
       Distracted        |       |     1 |     5 |     8 |     5 ||    19
Armor: Robe              |    11 |    14 |    31 |    57 |    48 ||   161
Dodge: Dodged            |    44 |    64 |   129 |   369 |   164 ||   770

Table legend: (Time is in decaauts)
 A = Elapsed time spent in this place.
 B = Non-inter-level travel time spent in this place.
 C = Inter-level travel time spent in this place.
 D = Time resting spent in this place.
 E = Time spent auto-exploring this place.
 F = Levels seen in this place.
 G = Mean time per level.
                   A        B        C        D        E       F      G
               +--------+--------+--------+--------+--------+-----+--------+
         Total |  17525 |  16657 |    868 |   2906 |   9480 |  15 | 1168.3 |
       Dungeon |  17069 |  16317 |    752 |   2906 |   9164 |  14 | 1219.2 |
        Temple |    455 |    339 |    116 |      0 |    316 |   1 |  455.0 |
               +--------+--------+--------+--------+--------+-----+--------+

Top non-repeatable levels by time:
    D:13: 2194 daAuts
    D:10: 1580 daAuts
     D:2: 1364 daAuts
     D:9: 1360 daAuts
    D:11: 1356 daAuts
    D:12: 1353 daAuts
     D:8: 1352 daAuts
     D:6: 1248 daAuts
     D:1: 1243 daAuts
     D:3: 1116 daAuts
     D:4: 1056 daAuts
     D:7: 1001 daAuts
     D:5: 476 daAuts
  Temple: 455 daAuts
    D:14: 366 daAuts
